 Dungeon Crawl Stone Soup version 0.30.1-11-g7821555f0a (webtiles) character file.

Game seed: 15909141740087612775

156 KittyFluff the Cudgeller (level 5, -3/33 HPs)
             Began as a Gargoyle Berserker on Oct 30, 2023.
             Was a Priest of Trog.
             Killed from afar by an orc wizard (10 damage)
             ... with a puff of flame
             ... on level 3 of the Dungeon.
             The game lasted 00:07:52 (2102 turns).

KittyFluff the Cudgeller (Gargoyle Berserker)       Turns: 2102, Time: 00:07:52

Health: -3/33      AC:  8    Str: 23    XL:     5   Next: 37%
Magic:  5/5        EV: 11    Int:  7    God:    Trog [***...]
Gold:   206        SH:  0    Dex:  9    Spells: 4/4 levels left

rFire   . . .        a - +0 mace
rCold   . . .        s - +2 buckler
rNeg    + . .        o - +0 leather armour
rPois   ∞            (no helmet)
rElec   +            x - +0 cloak
rCorr   .            (no gloves)
SInv    .            (no boots)
Will    .....        (no amulet) Stlth
                     d - ring of flight
HPRegen 0.25/turn    (no ring)
MPRegen 0.09/turn

%: no passive effects
@: confused, flying
A: sickness immunity, AC +4, negative energy resistance 1, electricity
resistance, torment resistance 1, petrification resistance
a: Renounce Religion, Berserk, Trog's Hand


You were on level 3 of the Dungeon.
You worshipped Trog.
Trog was most pleased with you.
You visited 1 branch of the dungeon, and saw 3 of its levels.

You collected 206 gold pieces.

Inventory:

Hand Weapons
 a - a +0 mace (weapon)
Missiles
 p - a throwing net (quivered)
 t - 5 poisoned darts
Armour
 o - a +0 leather armour (worn)
 s - a +2 buckler (worn)
 w - a +0 tower shield
 x - a +0 cloak (worn)
Jewellery
 d - a ring of flight (left hand)
 e - an amulet of faith
Scrolls
 b - 2 scrolls of noise {unknown}
 c - 3 scrolls of identify {unknown}
 f - a scroll of teleportation {unknown}
 g - 2 scrolls of blinking {unknown}
 h - 2 scrolls of brand weapon {unknown}
 j - 3 scrolls of immolation {unknown}
 k - a scroll of poison {unknown}
 l - a scroll of silence {unknown}
 r - 2 scrolls of magic mapping {unknown}
 v - a scroll of fog {unknown}
Potions
 i - a potion of heal wounds {unknown}
 m - a potion of brilliance {unknown}
 n - a potion of curing {unknown}
 q - a potion of might {unknown}
 u - a potion of magic {unknown}


   Skills:
 + Level 3.9 Fighting
 * Level 4.0 Maces & Flails
 * Level 3.7 Armour
 + Level 2.2 Dodging
 + Level 1.1 Shields


You had 4 spell levels left.
You didn't know any spells.
Your spell library was empty.

Dungeon Overview and Level Annotations

Branches:
Dungeon (3/15)

Altars:


Innate Abilities, Weirdness & Mutations

You are immune to sickness and miasma.
Your stone body is resilient. (AC +4)
You are immune to poison.
You resist negative energy. (rN+)
You are resistant to electric shocks. (rElec)
You are resistant to unholy torment.
You are immune to petrification.


Message History

You miss something. Something hits you but does no damage.
You barely miss the orc. You block the orc's attack.
You hit the orc.
The orc is lightly wounded.
The orc misses you.
You thump the orc!
You kill the orc!
Trog accepts your kill. Something hits you.
Something hits you but does no damage.
You hit something. Something hits you but does no damage. Something hits you.
You closely miss something. The orc wizard casts a spell at you.
The magic dart hits something.
Something hits you. Something hits you but does no damage.
The orc wizard casts a spell at you.
You hit something. Something hits you.
You hit something.
You hear some strange, mumbled words.
You are confused.
Something completely misses you.
You closely miss something. Something hits you but does no damage.
The orc wizard points at you and mumbles some strange words.
Something hits you but does no damage.
You bump into the rock wall.
The orc priest invokes the aid of Beogh against you.
Something hits you but does no damage.
You bump into the rock wall.
You hear some strange, mumbled words.
A puff of flame appears from out of thin air!
The puff of flame misses you.
The orc priest invokes the aid of Beogh against you.
Beogh smites you!
* * * LOW HITPOINT WARNING * * *
You are too confused!
You closely miss something.
Something hits you but does no damage. x2
You closely miss something.
You hear some strange, mumbled words.
A puff of flame appears from out of thin air!
The puff of flame hits you!
You die...

#########
########.......#
#........#####.#
#.######.# #.# #.#
#.### #.# #.# ....#
#.# ##.## #.#.# #.#
###...#.###.#@# #.#
####...........#{###.#
.........#.###.oo....#
####.......# #.#.###o#
.# ####.#### #.#.# #.#
.# #.# # #.# #g# # #+#
#.. #.# .# ##. #.# .#
. #o#


You could see an orc priest and an orc wizard.

Vanquished Creatures
  4 gnolls (D:3)
  3 adders
  A worm (D:2)
  3 dart slugs
  3 orcs (D:3)
  6 bats
  9 endoplasms
  4 giant cockroaches
  4 hobgoblins
  3 jackals (D:1)
  4 quokkas
  8 ball pythons
  9 frilled lizards
  6 goblins
  5 kobolds
  3 rats
75 creatures vanquished.

Notes
Turn   | Place    | Note
-------+----------+-------------------------------------------
     0 | D:1      | KittyFluff the Gargoyle Berserker began the quest for the
                  | Orb.
     0 | D:1      | Reached XP level 1. HP: 14/14 MP: 1/1
   110 | D:1      | Reached XP level 2. HP: 16/19 MP: 2/2
   378 | D:1      | Reached XP level 3. HP: 19/23 MP: 3/3
   463 | D:1      | Reached ** piety under Trog
  1010 | D:2      | Reached XP level 4. HP: 27/29 MP: 4/4
  1671 | D:3      | Reached *** piety under Trog
  1691 | D:3      | Reached XP level 5. HP: 20/33 MP: 5/5
  1698 | D:3      | Reached skill level 4 in Maces & Flails
  1703 | D:3      | Reached skill level 1 in Shields
  2102 | D:3      | Killed from afar by an orc wizard

Illustrated notes

Levels and vault maps discovered:
D:1:      roderic_crossed_star, layout_loops_ring
D:2:      minmay_diamond_boxcup, layout_basic
D:3:      layout_loops_corners, grunt_ministairs_9

Skill      XL: |  1  2  3  4  5 |
---------------+----------------+-----
Dodging        | 2 |  2.2
Armour         | 3 |  3.7
Maces & Flails | 4 |  4.0
Shields        | 1 |  1.1
Fighting       | |  3.9

Action                     |  1- 3 |  4- 6 || total
---------------------------+-------+-------++-------
  Melee: Mace              |   133 |   134 ||   267
 Armour: Animal skin       |    47 |       ||    47
         Leather armour    |    17 |    45 ||    62
  Dodge: Dodged            |   113 |    66 ||   179
  Block: Buckler           |       |    27 ||    27
